Vegas Golden Knights vs New York Rangers

Created - Friday, February 13, 2026 at 07:35

Goals
1 2 3 OT1 SO T
Vegas Golden Knights 3 0 0 0 1 3
New York Rangers 0 1 2 0 2 4
Shots
1 2 3 OT1 SO T
Vegas Golden Knights 12 6 10 1 4 29
New York Rangers 16 7 9 0 4 32

1st period

1. Vegas Golden Knights , Jared McCann 6 (Sean Monahan 10, Mathew Barzal 12) at 2:28 (PP)
2. Vegas Golden Knights , Bryan Rust 3 (Mika Zibanejad 14) at 9:37
3. Vegas Golden Knights , Mathew Barzal 8 (Jordan Staal 8) at 11:49

Penalties :
Dmitry Kulikov (NYR) for Cross-checking (Minor) at 1:06

2nd period

4. New York Rangers , Evgeni Malkin 11 (Timo Meier 11, Cole Caufield 12) at 9:29

Penalties :
Mathieu Olivier (VGK) for Goalie Interference (Minor) at 1:27, Dylan Strome (NYR) for Tripping (Minor) at 6:27, Jake Walman (NYR) for Hooking (Minor) at 11:13, Zach Bogosian (VGK) for Hooking (Minor) at 17:17

3rd period

5. New York Rangers , Cole Caufield 7 (Artemi Panarin 16, Nathan MacKinnon 16) at 0:28
6. New York Rangers , Artemi Panarin 8 (Nathan MacKinnon 17) at 1:08 (PP)

Penalties :
Sean Monahan (VGK) for Roughing (Minor) at 0:31, Auston Matthews (VGK) for Holding (Minor) at 6:12

Overtime #1

No Goal

Penalties :
No Penalty

Shootout

Vegas Golden Knights, Auston Matthews - Stopped by Igor Shesterkin
New York Rangers, Nathan MacKinnon - Shot Misses the Net
Vegas Golden Knights, Mika Zibanejad - Stopped by Igor Shesterkin
New York Rangers, Evgeni Malkin - Stopped by Mackenzie Blackwood
Vegas Golden Knights, Bryan Rust - Goal!
New York Rangers, Mikael Granlund - Goal!
Vegas Golden Knights, Jordan Staal - Stopped by Igor Shesterkin
New York Rangers, Artemi Panarin - Goal!

Penalties :
No Penalty

Goalie Stats

Mackenzie Blackwood (VGK), 29 saves from 32 shots - (0.906), OTL, 10-3-3, 65:00 minutes
Igor Shesterkin (NYR), 26 saves from 29 shots - (0.897), W, 16-5-0, 65:00 minutes

Players Stats for Vegas Golden Knights

Player Name              G  A  P  +/- PIM S  H  SB GA TA FO     MP     PP MP  PK MP  
------------------------------------------------------------------------------------
Andreas Athanasiou       0  0  0   0  0   0  0  1  0  0  6/6    10:55   0:00   3:02 
Anthony Mantha           0  0  0   0  0   0  0  0  2  0  0/0     9:36   2:23   0:00 
Auston Matthews          0  0  0  -1  2   2  0  0  0  0  0/2    19:45   2:27   1:01 
Bryan Rust               1  0  1  -1  0   2  1  1  0  0  1/2    18:31   2:27   0:00 
Erik Johnson             0  0  0   1  0   2  1  0  0  0  0/0    19:25   0:00   3:22 
Jared McCann             1  0  1   0  0   6  2  0  0  1  0/1    18:03   2:49   0:08 
Jordan Staal             0  1  1   1  0   1  2  1  0  0  6/13   16:27   0:04   3:22 
Mathew Barzal            1  1  2   1  0   5  1  0  2  1  0/0    15:52   2:57   0:16 
Mathieu Olivier          0  0  0   0  2   0  1  0  0  0  0/0     9:34   0:00   1:57 
Mika Zibanejad           0  1  1  -1  0   2  3  0  0  0  11/16  18:37   2:27   0:00 
Reilly Smith             0  0  0   1  0   1  2  0  0  0  0/1    16:02   0:04   3:22 
Roman Josi               0  0  0  -1  0   1  0  0  0  0  0/0    20:48   0:00   3:22 
Sean Monahan             0  1  1   0  2   1  1  0  1  0  11/21  17:53   2:53   0:00 
Shea Theodore            0  0  0   1  0   1  0  0  0  0  0/0    14:35   0:00   0:00 
Thomas Chabot            0  0  0   0  0   1  0  1  1  0  0/0    24:56   2:23   3:12 
Travis Hamonic           0  0  0   0  0   0  1  0  0  0  0/0    20:07   0:00   0:49 
Tyler Toffoli            0  0  0   0  0   3  2  0  1  0  0/1    17:56   2:49   0:00 
Zach Bogosian            0  0  0  -1  2   1  2  0  0  2  0/0    24:20   2:57   2:23 

Players Stats for New York Rangers

Player Name              G  A  P  +/- PIM S  H  SB GA TA FO     MP     PP MP  PK MP  
------------------------------------------------------------------------------------
Adam Larsson             0  0  0  -1  0   1  0  2  0  1  0/0    20:40   0:00   2:30 
Artemi Panarin           1  1  2   1  0   4  1  0  1  0  0/1    21:31   3:16   0:00 
Cole Caufield            1  1  2   1  0   1  1  1  0  0  2/2    21:53   3:16   0:15 
Conor Garland            0  0  0   0  0   2  0  0  1  0  1/1     7:00   0:00   0:00 
Dmitry Kulikov           0  0  0   0  2   0  2  0  1  0  0/0    14:13   0:00   1:06 
Dylan Strome             0  0  0  -2  2   3  1  0  0  0  5/10   14:59   3:18   0:00 
Evgeni Malkin            1  0  1   1  0   6  1  2  0  0  3/7    20:45   4:07   0:15 
Jake Walman              0  0  0   1  2   0  2  1  0  1  0/0    25:02   2:27   1:34 
Kyle Palmieri            0  0  0   1  0   2  2  0  0  1  0/1    17:21   3:18   0:00 
Luke Schenn              0  0  0  -1  0   0  1  0  0  0  0/0    20:06   0:00   2:08 
Marcus Foligno           0  0  0   0  0   0  0  0  0  1  0/0     9:26   0:00   2:25 
Mikael Granlund          0  0  0  -2  0   0  0  1  0  1  3/5    15:52   2:27   2:40 
Nathan MacKinnon         0  2  2   1  0   5  2  1  1  0  13/34  21:32   3:16   0:00 
Noel Acciari             0  0  0   0  0   0  0  0  0  0  0/0     9:40   0:00   2:40 
Olli Maatta              0  0  0   0  0   0  0  0  0  1  0/0    16:15   0:00   2:40 
Teuvo Teravainen         0  0  0  -2  0   2  3  0  0  0  1/1    14:05   0:00   2:25 
Timo Meier               0  1  1   1  0   4  2  1  0  1  0/1    18:24   3:18   0:00 
Victor Hedman            0  0  0   1  0   2  4  0  0  0  0/0    25:53   4:07   0:42 

3 Stars

1 - Cole Caufield (NYR)
2 - Artemi Panarin (NYR)
3 - Mathew Barzal (VGK)

Power Play

Vegas Golden Knights - 1 on 3 Attempt(s) - 33.33%
New York Rangers - 1 on 4 Attempt(s) - 25.00%

Penalty Kill

Vegas Golden Knights - 3 on 4 Attempt(s) - 75.00% - Score 0 goal in Penalty Kill
New York Rangers - 2 on 3 Attempt(s) - 66.67% - Score 0 goal in Penalty Kill

Team Stat

Vegas Golden Knights - Hits : 19 - Faceoff Wins : 35 - Blocked Shots : 4 - Penalty Minutes : 8
New York Rangers - Hits : 22 - Faceoff Wins : 28 - Blocked Shots : 9 - Penalty Minutes : 6

Official

Referees : Morgan Macphee and Marc Joannette
Linesman : Tommy Hughes and Brandon Gawryletz

Game Notes

No Game Note

Finance

Level 1 -- Attendance: 5962 (99.37%) -- Ticket Income $566,390
Level 2 -- Attendance: 4785 (95.70%) -- Ticket Income $239,250
Level 3 -- Attendance: 3000 (100.00%) -- Ticket Income $90,000
Level 4 -- Attendance: 4825 (96.50%) -- Ticket Income $96,500
Luxury Box -- Attendance: 997 (99.70%) -- Ticket Income $184,445
Game was played at the Madison Square Garden.
Total Attendance: 19569 (97.85%)
Total Ticket Income: $1,176,585
Other Income: $411,805
Total Income: $1,588,390

Vegas Golden Knights

5 vs 5 Forward 
   Center                   Left Wing                Right Wing               Time % Phy DF OF 
 1 Mika Zibanejad           Auston Matthews          Bryan Rust               30     1   2  2  
 2 Sean Monahan             Jared McCann             Tyler Toffoli            30     1   2  2  
 3 Jordan Staal             Mathew Barzal            Reilly Smith             25     1   2  2  
 4 Andreas Athanasiou       Anthony Mantha           Mathieu Olivier          15     1   2  2  

5 vs 5 Defense 
   Defense                  Defense                                           Time % Phy DF OF 
 1 Roman Josi               Zach Bogosian                                     35     1   2  2  
 2 Thomas Chabot            Travis Hamonic                                    35     1   2  2  
 3 Shea Theodore            Erik Johnson                                      30     1   2  2  
 4 Zach Bogosian            Thomas Chabot                                     0      1   2  2  

PowerPlay Forward 
   Center                   Left Wing                Right Wing               Time % Phy DF OF 
 1 Mika Zibanejad           Auston Matthews          Bryan Rust               50     1   2  2  
 2 Sean Monahan             Jared McCann             Tyler Toffoli            50     1   2  2  

PowerPlay Defense
   Defense                  Defense                                           Time % Phy DF OF 
 1 Mathew Barzal            Zach Bogosian                                     50     1   2  2  
 2 Anthony Mantha           Thomas Chabot                                     50     1   2  2  

Penalty Kill 4 Players Forward 
   Center                   Wing                     Time % Phy DF OF 
 1 Jordan Staal             Reilly Smith             50     1   2  2  
 2 Andreas Athanasiou       Mathieu Olivier          50     1   2  2  

Penalty Kill 4 Players Defense
   Defense                  Defense                  Time % Phy DF OF 
 1 Thomas Chabot            Zach Bogosian            50     1   2  2  
 2 Roman Josi               Erik Johnson             50     1   2  2  

Penalty Kill - 3 Players Forward 
   Forward                                           Time % Phy DF OF 
 1 Jordan Staal                                      50     1   2  2  
 2 Andreas Athanasiou                                50     1   2  2  

Penalty Kill - 3 Players Defense
   Defense                  Defense                  Time % Phy DF OF 
 1 Thomas Chabot            Zach Bogosian            50     1   2  2  
 2 Travis Hamonic           Erik Johnson             50     1   2  2  

4 vs 4 Forward 
   Center                   Wing                     Time % Phy DF OF 
 1 Mika Zibanejad           Auston Matthews          50     1   2  2  
 2 Jordan Staal             Bryan Rust               50     1   2  2  

4 vs 4 Defense
   Defense                  Defense                  Time % Phy DF OF 
 1 Erik Johnson             Zach Bogosian            50     1   2  2  
 2 Thomas Chabot            Travis Hamonic           50     1   2  2  

Last Minutes Offensive
   Center                   Left Wing                Right Wing               Defense                  Defense                  
   Mika Zibanejad           Auston Matthews          Bryan Rust               Roman Josi               Thomas Chabot            

Last Minutes Defensive
   Center                   Left Wing                Right Wing               Defense                  Defense                  
   Jordan Staal             Auston Matthews          Bryan Rust               Thomas Chabot            Zach Bogosian            

Goaltenders
Starting : Mackenzie Blackwood      
Backup : Philipp Grubauer         

Extra Forwards
Normal : Bryan Rust, Auston Matthews, Mika Zibanejad - PP : Jordan Staal, Reilly Smith - PK : Auston Matthews
Extra Defensemen
Normal : Thomas Chabot, Erik Johnson, Zach Bogosian - PP : Thomas Chabot - PK : Zach Bogosian, Thomas Chabot
Penalty Shots
Auston Matthews, Mika Zibanejad, Bryan Rust, Jordan Staal, Tyler Toffoli

Scratches
Brendan Smith (Healthy), Jack Johnson (Healthy), Cole Smith (Healthy)

New York Rangers

5 vs 5 Forward 
   Center                   Left Wing                Right Wing               Time % Phy DF OF 
 1 Nathan MacKinnon         Artemi Panarin           Cole Caufield            40     0   1  4  
 2 Evgeni Malkin            Timo Meier               Kyle Palmieri            30     1   1  3  
 3 Dylan Strome             Teuvo Teravainen         Mikael Granlund          20     1   2  2  
 4 Noel Acciari             Marcus Foligno           Conor Garland            10     2   2  1  

5 vs 5 Defense 
   Defense                  Defense                                           Time % Phy DF OF 
 1 Victor Hedman            Jake Walman                                       40     0   3  2  
 2 Luke Schenn              Adam Larsson                                      35     0   4  1  
 3 Olli Maatta              Dmitry Kulikov                                    25     2   3  0  
 4 Dmitry Kulikov           Adam Larsson                                      0      1   2  2  

PowerPlay Forward 
   Center                   Left Wing                Right Wing               Time % Phy DF OF 
 1 Nathan MacKinnon         Cole Caufield            Artemi Panarin           50     0   0  5  
 2 Dylan Strome             Timo Meier               Kyle Palmieri            50     0   1  4  

PowerPlay Defense
   Defense                  Defense                                           Time % Phy DF OF 
 1 Victor Hedman            Evgeni Malkin                                     65     0   0  5  
 2 Jake Walman              Mikael Granlund                                   35     0   1  4  

Penalty Kill 4 Players Forward 
   Center                   Wing                     Time % Phy DF OF 
 1 Mikael Granlund          Noel Acciari             50     1   4  0  
 2 Teuvo Teravainen         Marcus Foligno           50     2   3  0  

Penalty Kill 4 Players Defense
   Defense                  Defense                  Time % Phy DF OF 
 1 Olli Maatta              Adam Larsson             60     1   4  0  
 2 Luke Schenn              Jake Walman              40     2   3  0  

Penalty Kill - 3 Players Forward 
   Forward                                           Time % Phy DF OF 
 1 Mikael Granlund                                   50     0   5  0  
 2 Noel Acciari                                      50     0   5  0  

Penalty Kill - 3 Players Defense
   Defense                  Defense                  Time % Phy DF OF 
 1 Olli Maatta              Adam Larsson             50     0   4  0  
 2 Jake Walman              Luke Schenn              50     0   5  0  

4 vs 4 Forward 
   Center                   Wing                     Time % Phy DF OF 
 1 Nathan MacKinnon         Artemi Panarin           50     0   2  3  
 2 Evgeni Malkin            Cole Caufield            50     0   2  3  

4 vs 4 Defense
   Defense                  Defense                  Time % Phy DF OF 
 1 Victor Hedman            Jake Walman              50     1   2  2  
 2 Adam Larsson             Luke Schenn              50     1   2  2  

Last Minutes Offensive
   Center                   Left Wing                Right Wing               Defense                  Defense                  
   Nathan MacKinnon         Cole Caufield            Artemi Panarin           Victor Hedman            Jake Walman              

Last Minutes Defensive
   Center                   Left Wing                Right Wing               Defense                  Defense                  
   Mikael Granlund          Noel Acciari             Teuvo Teravainen         Adam Larsson             Jake Walman              

Goaltenders
Starting : Igor Shesterkin          
Backup : Kevin Lankinen           

Extra Forwards
Normal : Timo Meier, Dylan Strome, Teuvo Teravainen - PP : Timo Meier, Dylan Strome - PK : Teuvo Teravainen
Extra Defensemen
Normal : Adam Larsson, Olli Maatta, Jake Walman - PP : Adam Larsson - PK : Olli Maatta, Jake Walman
Penalty Shots
Nathan MacKinnon, Evgeni Malkin, Mikael Granlund, Artemi Panarin, Kyle Palmieri

Scratches
None


% Time on Ice - Vegas Golden Knights

Lines # - Real PCT - Wanted PCT - Time Play
Normal Forward
1 - 29% - 30% - 14:01
2 - 32% - 30% - 15:15
3 - 23% - 25% - 11:13
4 - 16% - 15% - 7:37
Normal Defense
1 - 36% - 35% - 17:10
2 - 35% - 35% - 16:57
3 - 29% - 30% - 13:59
4 - 0% - 0% - 0:00
PP Forward
1 - 46% - 50% - 2:27
2 - 54% - 50% - 2:53
PP Defense
1 - 55% - 50% - 2:57
2 - 45% - 50% - 2:23
PK Forward
1 - 51% - 50% - 3:22
2 - 49% - 50% - 3:12
PK Defense
1 - 49% - 50% - 3:12
2 - 51% - 50% - 3:22
PK3 Forward
1 - 0% - 50%
2 - 0% - 50%
PK3 Defense
1 - 0% - 50%
2 - 0% - 50%
44 Forward
1 - 48% - 50% - 2:23
2 - 52% - 50% - 2:37
44 Defense
1 - 42% - 50% - 2:05
2 - 58% - 50% - 2:55
Last Minute Offensive  - 0:00
Last Minute Defensive  - 0:00
Total
Forward - 65:00
Defense - 65:00

% Time on Ice - New York Rangers

Lines # - Real PCT - Wanted PCT - Time Play
Normal Forward
1 - 34% - 40% - 16:23
2 - 30% - 30% - 14:17
3 - 22% - 20% - 10:26
4 - 15% - 10% - 7:00
Normal Defense
1 - 39% - 40% - 18:43
2 - 35% - 35% - 16:46
3 - 26% - 25% - 12:37
4 - 0% - 0% - 0:00
PP Forward
1 - 50% - 50% - 3:16
2 - 50% - 50% - 3:18
PP Defense
1 - 63% - 65% - 4:07
2 - 37% - 35% - 2:27
PK Forward
1 - 50% - 50% - 2:40
2 - 50% - 50% - 2:40
PK Defense
1 - 47% - 60% - 2:30
2 - 53% - 40% - 2:50
PK3 Forward
1 - 0% - 50%
2 - 0% - 50%
PK3 Defense
1 - 0% - 50%
2 - 0% - 50%
44 Forward
1 - 56% - 50% - 2:47
2 - 44% - 50% - 2:13
44 Defense
1 - 64% - 50% - 3:12
2 - 36% - 50% - 1:48
Last Minute Offensive  - 0:00
Last Minute Defensive  - 0:00
Total
Forward - 65:00
Defense - 65:00

Play-by-Play

1st period


0:01 of 1st period - Mika Zibanejad wins face-off versus Artemi Panarin in neutral zone.
0:04 of 1st period - Slapshot by Bryan Rust.
0:04 of 1st period - Shot Misses the Net.
0:10 of 1st period - Wrist shot by Nathan MacKinnon.
0:10 of 1st period - Stopped by Mackenzie Blackwood without a rebound.
0:11 of 1st period - Sean Monahan wins face-off versus Evgeni Malkin in Vegas Golden Knights zone.
0:43 of 1st period - Off-side.
0:44 of 1st period - Andreas Athanasiou wins face-off versus Nathan MacKinnon in neutral zone.
1:06 of 1st period - Minor Penalty to Dmitry Kulikov for Cross-checking.
1:07 of 1st period - Mika Zibanejad wins face-off versus Mikael Granlund in New York Rangers zone.
1:51 of 1st period - Icing by Tyler Toffoli.
1:52 of 1st period - Mikael Granlund wins face-off versus Tyler Toffoli in Vegas Golden Knights zone.
1:56 of 1st period - Icing by Zach Bogosian.
1:57 of 1st period - Mikael Granlund wins face-off versus Sean Monahan in Vegas Golden Knights zone.
2:28 of 1st period - Snap shot by Jared McCann.
2:28 of 1st period - Goal by Jared McCann - Vegas Golden Knights : 1 - New York Rangers : 0.
2:29 of 1st period - Cole Caufield wins face-off versus Auston Matthews in neutral zone.
2:56 of 1st period - Jake Walman is hit by Jared McCann and loses puck.
3:07 of 1st period - Slapshot by Evgeni Malkin.
3:07 of 1st period - Stopped by Mackenzie Blackwood without a rebound.
3:08 of 1st period - Dylan Strome wins face-off versus Jordan Staal in Vegas Golden Knights zone.
3:57 of 1st period - Sean Monahan is hit by Victor Hedman and loses puck.
5:11 of 1st period - Snap shot by Jared McCann.
5:11 of 1st period - Stopped by Igor Shesterkin with a rebound.
6:13 of 1st period - Snap shot by Evgeni Malkin.
6:13 of 1st period - Stopped by Mackenzie Blackwood with a rebound.
6:15 of 1st period - Slapshot by Victor Hedman.
6:15 of 1st period - Stopped by Mackenzie Blackwood without a rebound.
6:16 of 1st period - Evgeni Malkin wins face-off versus Sean Monahan in Vegas Golden Knights zone.
6:23 of 1st period - Snap shot by Timo Meier.
6:23 of 1st period - Stopped by Mackenzie Blackwood without a rebound.
6:24 of 1st period - Sean Monahan wins face-off versus Nathan MacKinnon in Vegas Golden Knights zone.
6:35 of 1st period - Wrist shot by Sean Monahan.
6:35 of 1st period - Shot Misses the Net.
6:39 of 1st period - Wrist shot by Tyler Toffoli.
6:39 of 1st period - Shot Misses the Net.
8:24 of 1st period - Snap shot by Mika Zibanejad.
8:24 of 1st period - Stopped by Igor Shesterkin with a rebound.
8:44 of 1st period - Snap shot by Jordan Staal.
8:44 of 1st period - Stopped by Igor Shesterkin with a rebound.
9:25 of 1st period - Icing by Teuvo Teravainen.
9:26 of 1st period - Mikael Granlund wins face-off versus Bryan Rust in New York Rangers zone.
9:37 of 1st period - Slapshot by Bryan Rust.
9:37 of 1st period - Goal by Bryan Rust - Vegas Golden Knights : 2 - New York Rangers : 0.
9:38 of 1st period - Jordan Staal wins face-off versus Nathan MacKinnon in neutral zone.
9:47 of 1st period - Slapshot by Mathew Barzal.
9:47 of 1st period - Stopped by Igor Shesterkin with a rebound.
10:05 of 1st period - Zach Bogosian is hit by Jake Walman and loses puck.
10:37 of 1st period - Snap shot by Timo Meier.
10:37 of 1st period - Stopped by Mackenzie Blackwood with a rebound.
10:49 of 1st period - Thomas Chabot is hit by Teuvo Teravainen and loses puck.
10:54 of 1st period - Slapshot by Teuvo Teravainen.
10:54 of 1st period - Shot Blocked by Andreas Athanasiou.
10:56 of 1st period - Wrist shot by Adam Larsson.
10:56 of 1st period - Deflect By Travis Hamonic.
10:56 of 1st period - Stopped by Mackenzie Blackwood with a rebound.
10:58 of 1st period - Slapshot by Adam Larsson.
10:58 of 1st period - Deflect By Dylan Strome.
10:58 of 1st period - Stopped by Mackenzie Blackwood without a rebound.
10:59 of 1st period - Sean Monahan wins face-off versus Nathan MacKinnon in Vegas Golden Knights zone.
10:59 of 1st period - Sean Monahan is hit by Luke Schenn.
11:11 of 1st period - Jared McCann is hit by Nathan MacKinnon and loses puck.
11:26 of 1st period - Adam Larsson is hit by Bryan Rust and loses puck.
11:37 of 1st period - Snap shot by Auston Matthews.
11:37 of 1st period - Shot Misses the Net.
11:49 of 1st period - Snap shot by Mathew Barzal.
11:49 of 1st period - Goal by Mathew Barzal - Vegas Golden Knights : 3 - New York Rangers : 0.
11:50 of 1st period - Nathan MacKinnon wins face-off versus Jordan Staal in neutral zone.
11:55 of 1st period - Wrist shot by Nathan MacKinnon.
11:55 of 1st period - Stopped by Mackenzie Blackwood without a rebound.
11:56 of 1st period - Jordan Staal wins face-off versus Nathan MacKinnon in Vegas Golden Knights zone.
11:56 of 1st period - Jordan Staal is hit by Jake Walman.
12:09 of 1st period - Snap shot by Mathew Barzal.
12:09 of 1st period - Deflect By Jordan Staal.
12:09 of 1st period - Shot Misses the Net.
12:09 of 1st period - Puck is out of play.
12:10 of 1st period - Sean Monahan wins face-off versus Nathan MacKinnon in New York Rangers zone.
12:11 of 1st period - Wrist shot by Tyler Toffoli.
12:11 of 1st period - Stopped by Igor Shesterkin with a rebound.
12:13 of 1st period - Snap shot by Tyler Toffoli.
12:13 of 1st period - Shot Misses the Net.
12:15 of 1st period - Slapshot by Erik Johnson.
12:15 of 1st period - Stopped by Igor Shesterkin with a rebound.
12:17 of 1st period - Wrist shot by Jared McCann.
12:17 of 1st period - Stopped by Igor Shesterkin without a rebound.
12:18 of 1st period - Nathan MacKinnon wins face-off versus Sean Monahan in New York Rangers zone.
12:25 of 1st period - Wrist shot by Jared McCann.
12:25 of 1st period - Deflect By Nathan MacKinnon.
12:25 of 1st period - Shot Misses the Net.
12:25 of 1st period - Puck is out of play.
12:26 of 1st period - Evgeni Malkin wins face-off versus Mika Zibanejad in New York Rangers zone.
12:43 of 1st period - Snap shot by Evgeni Malkin.
12:43 of 1st period - Stopped by Mackenzie Blackwood without a rebound.
12:44 of 1st period - Sean Monahan wins face-off versus Nathan MacKinnon in Vegas Golden Knights zone.
13:20 of 1st period - Snap shot by Mathew Barzal.
13:20 of 1st period - Shot Misses the Net.
14:55 of 1st period - Off-side.
14:56 of 1st period - Mika Zibanejad wins face-off versus Dylan Strome in neutral zone.
15:16 of 1st period - Wrist shot by Teuvo Teravainen.
15:16 of 1st period - Deflect By Dylan Strome.
15:16 of 1st period - Stopped by Mackenzie Blackwood with a rebound.
15:18 of 1st period - Slapshot by Victor Hedman.
15:18 of 1st period - Stopped by Mackenzie Blackwood with a rebound.
15:20 of 1st period - Slapshot by Dmitry Kulikov.
15:20 of 1st period - Shot Misses the Net.
15:22 of 1st period - Slapshot by Dmitry Kulikov.
15:22 of 1st period - Shot Blocked by Thomas Chabot.
15:24 of 1st period - Wrist shot by Teuvo Teravainen.
15:24 of 1st period - Stopped by Mackenzie Blackwood without a rebound.
15:25 of 1st period - Sean Monahan wins face-off versus Nathan MacKinnon in Vegas Golden Knights zone.
15:51 of 1st period - Evgeni Malkin is hit by Jordan Staal.
15:55 of 1st period - Wrist shot by Evgeni Malkin.
15:55 of 1st period - Deflect By Timo Meier.
15:55 of 1st period - Stopped by Mackenzie Blackwood without a rebound.
15:56 of 1st period - Jordan Staal wins face-off versus Timo Meier in Vegas Golden Knights zone.
15:56 of 1st period - Jordan Staal is hit by Kyle Palmieri.
16:10 of 1st period - Wrist shot by Evgeni Malkin.
16:10 of 1st period - Deflect By Kyle Palmieri.
16:10 of 1st period - Shot Blocked by Jordan Staal.
16:10 of 1st period - Puck is out of play.
16:11 of 1st period - Nathan MacKinnon wins face-off versus Mika Zibanejad in Vegas Golden Knights zone.
16:16 of 1st period - Snap shot by Artemi Panarin.
16:16 of 1st period - Deflect By Mika Zibanejad.
16:16 of 1st period - Stopped by Mackenzie Blackwood without a rebound.
16:17 of 1st period - Mika Zibanejad wins face-off versus Nathan MacKinnon in Vegas Golden Knights zone.
16:32 of 1st period - Slapshot by Bryan Rust.
16:32 of 1st period - Shot Misses the Net.
17:21 of 1st period - Icing by Conor Garland.
17:22 of 1st period - Andreas Athanasiou wins face-off versus Dylan Strome in New York Rangers zone.
17:36 of 1st period - Icing by Victor Hedman.
17:37 of 1st period - Dylan Strome wins face-off versus Sean Monahan in New York Rangers zone.
18:12 of 1st period - Slapshot by Teuvo Teravainen.
18:12 of 1st period - Stopped by Mackenzie Blackwood without a rebound.
18:13 of 1st period - Nathan MacKinnon wins face-off versus Mika Zibanejad in Vegas Golden Knights zone.
18:45 of 1st period - Wrist shot by Tyler Toffoli.
18:45 of 1st period - Stopped by Igor Shesterkin with a rebound.
18:47 of 1st period - Snap shot by Jared McCann.
18:47 of 1st period - Shot Blocked by Evgeni Malkin.
18:49 of 1st period - Slapshot by Erik Johnson.
18:49 of 1st period - Shot Blocked by Adam Larsson.
18:51 of 1st period - Slapshot by Shea Theodore.
18:51 of 1st period - Shot Blocked by Timo Meier.
18:53 of 1st period - Slapshot by Erik Johnson.
18:53 of 1st period - Stopped by Igor Shesterkin with a rebound.
18:55 of 1st period - Wrist shot by Sean Monahan.
18:55 of 1st period - Shot Misses the Net.
19:02 of 1st period - Icing by Adam Larsson.
19:03 of 1st period - Conor Garland wins face-off versus Jordan Staal in New York Rangers zone.
19:13 of 1st period - Snap shot by Jordan Staal.
19:13 of 1st period - Shot Misses the Net.
Goals for this period are 3 for Vegas Golden Knights vs 0 for New York Rangers.
Shots for this period are 12 for Vegas Golden Knights vs 16 for New York Rangers.

2nd period


0:01 of 2nd period - Sean Monahan wins face-off versus Nathan MacKinnon in neutral zone.
0:08 of 2nd period - Wrist shot by Jared McCann.
0:08 of 2nd period - Shot Misses the Net.
0:10 of 2nd period - Wrist shot by Tyler Toffoli.
0:10 of 2nd period - Shot Misses the Net.
0:33 of 2nd period - Olli Maatta is hit by Zach Bogosian and loses puck.
1:08 of 2nd period - Snap shot by Conor Garland.
1:08 of 2nd period - Stopped by Mackenzie Blackwood with a rebound.
1:27 of 2nd period - Minor Penalty to Mathieu Olivier for Goalie Interference.
1:28 of 2nd period - Nathan MacKinnon wins face-off versus Jordan Staal in Vegas Golden Knights zone.
2:10 of 2nd period - Wrist shot by Nathan MacKinnon.
2:10 of 2nd period - Shot Misses the Net.
2:12 of 2nd period - Snap shot by Artemi Panarin.
2:12 of 2nd period - Stopped by Mackenzie Blackwood without a rebound.
2:13 of 2nd period - Dylan Strome wins face-off versus Jordan Staal in Vegas Golden Knights zone.
3:27 of 2nd period - Penalty to Mathieu Olivier is over, Mathieu Olivier is back on ice.
3:38 of 2nd period - Timo Meier is hit by Tyler Toffoli and loses puck.
4:01 of 2nd period - Wrist shot by Conor Garland.
4:01 of 2nd period - Stopped by Mackenzie Blackwood with a rebound.
4:13 of 2nd period - Conor Garland is hit by Erik Johnson and loses puck.
4:32 of 2nd period - Wrist shot by Jared McCann.
4:32 of 2nd period - Stopped by Igor Shesterkin without a rebound.
4:33 of 2nd period - Sean Monahan wins face-off versus Evgeni Malkin in New York Rangers zone.
4:40 of 2nd period - Snap shot by Sean Monahan.
4:40 of 2nd period - Shot Misses the Net.
4:42 of 2nd period - Slapshot by Zach Bogosian.
4:42 of 2nd period - Stopped by Igor Shesterkin without a rebound.
4:43 of 2nd period - Mika Zibanejad wins face-off versus Nathan MacKinnon in New York Rangers zone.
5:13 of 2nd period - Off-side.
5:14 of 2nd period - Sean Monahan wins face-off versus Kyle Palmieri in neutral zone.
5:16 of 2nd period - Off-side.
5:17 of 2nd period - Nathan MacKinnon wins face-off versus Sean Monahan in neutral zone.
5:20 of 2nd period - Thomas Chabot is hit by Nathan MacKinnon and loses puck.
5:50 of 2nd period - Jared McCann is hit by Timo Meier and loses puck.
6:03 of 2nd period - Slapshot by Mathew Barzal.
6:03 of 2nd period - Stopped by Igor Shesterkin with a rebound.
6:05 of 2nd period - Snap shot by Reilly Smith.
6:05 of 2nd period - Stopped by Igor Shesterkin without a rebound.
6:06 of 2nd period - Jordan Staal wins face-off versus Dylan Strome in New York Rangers zone.
6:27 of 2nd period - Minor Penalty to Dylan Strome for Tripping.
6:28 of 2nd period - Teuvo Teravainen wins face-off versus Mika Zibanejad in New York Rangers zone.
7:10 of 2nd period - Slapshot by Teuvo Teravainen.
7:10 of 2nd period - Shot Blocked by Bryan Rust.
8:27 of 2nd period - Penalty to Dylan Strome is over, Dylan Strome is back on ice.
8:41 of 2nd period - Andreas Athanasiou is hit by Timo Meier and loses puck.
9:29 of 2nd period - Wrist shot by Evgeni Malkin.
9:29 of 2nd period - Goal by Evgeni Malkin - Vegas Golden Knights : 3 - New York Rangers : 1.
9:30 of 2nd period - Mika Zibanejad wins face-off versus Nathan MacKinnon in neutral zone.
9:33 of 2nd period - Snap shot by Mika Zibanejad.
9:33 of 2nd period - Shot Misses the Net.
10:09 of 2nd period - Wrist shot by Jared McCann.
10:09 of 2nd period - Shot Misses the Net.
11:06 of 2nd period - Wrist shot by Auston Matthews.
11:06 of 2nd period - Deflect By Artemi Panarin.
11:06 of 2nd period - Shot Blocked by Nathan MacKinnon.
11:06 of 2nd period - Puck is out of play.
11:07 of 2nd period - Sean Monahan wins face-off versus Nathan MacKinnon in New York Rangers zone.
11:13 of 2nd period - Minor Penalty to Jake Walman for Hooking.
11:14 of 2nd period - Mika Zibanejad wins face-off versus Mikael Granlund in New York Rangers zone.
11:46 of 2nd period - Teuvo Teravainen is hit by Sean Monahan and loses puck.
12:09 of 2nd period - Tyler Toffoli is hit by Dmitry Kulikov and loses puck.
13:13 of 2nd period - Penalty to Jake Walman is over, Jake Walman is back on ice.
14:58 of 2nd period - Auston Matthews is hit by Dylan Strome and loses puck.
15:58 of 2nd period - Erik Johnson is hit by Teuvo Teravainen and loses puck.
16:16 of 2nd period - Icing by Adam Larsson.
16:17 of 2nd period - Nathan MacKinnon wins face-off versus Jared McCann in New York Rangers zone.
16:25 of 2nd period - Snap shot by Nathan MacKinnon.
16:25 of 2nd period - Stopped by Mackenzie Blackwood without a rebound.
16:26 of 2nd period - Evgeni Malkin wins face-off versus Mika Zibanejad in Vegas Golden Knights zone.
16:27 of 2nd period - Wrist shot by Timo Meier.
16:27 of 2nd period - Shot Misses the Net.
16:41 of 2nd period - Slapshot by Thomas Chabot.
16:41 of 2nd period - Stopped by Igor Shesterkin with a rebound.
16:43 of 2nd period - Slapshot by Auston Matthews.
16:43 of 2nd period - Stopped by Igor Shesterkin with a rebound.
16:53 of 2nd period - Wrist shot by Nathan MacKinnon.
16:53 of 2nd period - Stopped by Mackenzie Blackwood without a rebound.
16:54 of 2nd period - Nathan MacKinnon wins face-off versus Jordan Staal in Vegas Golden Knights zone.
17:17 of 2nd period - Minor Penalty to Zach Bogosian for Hooking.
17:18 of 2nd period - Dylan Strome wins face-off versus Jordan Staal in Vegas Golden Knights zone.
17:25 of 2nd period - Wrist shot by Kyle Palmieri.
17:25 of 2nd period - Deflect By Dylan Strome.
17:25 of 2nd period - Shot Misses the Net.
17:25 of 2nd period - Puck is out of play.
17:26 of 2nd period - Dylan Strome wins face-off versus Reilly Smith in Vegas Golden Knights zone.
17:41 of 2nd period - Slapshot by Evgeni Malkin.
17:41 of 2nd period - Stopped by Mackenzie Blackwood with a rebound.
17:43 of 2nd period - Slapshot by Evgeni Malkin.
17:43 of 2nd period - Deflect By Timo Meier.
17:43 of 2nd period - Shot Misses the Net.
17:43 of 2nd period - Puck is out of play.
17:44 of 2nd period - Andreas Athanasiou wins face-off versus Nathan MacKinnon in Vegas Golden Knights zone.
18:30 of 2nd period - Off-side.
18:31 of 2nd period - Andreas Athanasiou wins face-off versus Nathan MacKinnon in neutral zone.
19:17 of 2nd period - Penalty to Zach Bogosian is over, Zach Bogosian is back on ice.
19:33 of 2nd period - Travis Hamonic is hit by Victor Hedman and loses puck.
Goals for this period are 0 for Vegas Golden Knights vs 1 for New York Rangers.
Shots for this period are 6 for Vegas Golden Knights vs 7 for New York Rangers.

3rd period


0:01 of 3rd period - Nathan MacKinnon wins face-off versus Auston Matthews in neutral zone.
0:06 of 3rd period - Snap shot by Nathan MacKinnon.
0:06 of 3rd period - Stopped by Mackenzie Blackwood without a rebound.
0:07 of 3rd period - Mika Zibanejad wins face-off versus Nathan MacKinnon in Vegas Golden Knights zone.
0:26 of 3rd period - Wrist shot by Artemi Panarin.
0:26 of 3rd period - Shot Misses the Net.
0:28 of 3rd period - Snap shot by Cole Caufield.
0:28 of 3rd period - Goal by Cole Caufield - Vegas Golden Knights : 3 - New York Rangers : 2.
0:29 of 3rd period - Sean Monahan wins face-off versus Nathan MacKinnon in neutral zone.
0:31 of 3rd period - Minor Penalty to Sean Monahan for Roughing.
0:32 of 3rd period - Andreas Athanasiou wins face-off versus Dylan Strome in Vegas Golden Knights zone.
0:42 of 3rd period - Timo Meier is hit by Reilly Smith and loses puck.
0:59 of 3rd period - Erik Johnson is hit by Victor Hedman and loses puck.
1:06 of 3rd period - Snap shot by Artemi Panarin.
1:06 of 3rd period - Shot Misses the Net.
1:08 of 3rd period - Snap shot by Artemi Panarin.
1:08 of 3rd period - Goal by Artemi Panarin - Vegas Golden Knights : 3 - New York Rangers : 3.
1:09 of 3rd period - Nathan MacKinnon wins face-off versus Sean Monahan in neutral zone.
1:13 of 3rd period - Off-side.
1:14 of 3rd period - Nathan MacKinnon wins face-off versus Sean Monahan in neutral zone.
2:05 of 3rd period - Snap shot by Mathew Barzal.
2:05 of 3rd period - Shot Blocked by Adam Larsson.
2:31 of 3rd period - Wrist shot by Jared McCann.
2:31 of 3rd period - Shot Misses the Net.
2:33 of 3rd period - Slapshot by Sean Monahan.
2:33 of 3rd period - Shot Blocked by Mikael Granlund.
2:35 of 3rd period - Snap shot by Tyler Toffoli.
2:35 of 3rd period - Stopped by Igor Shesterkin with a rebound.
3:36 of 3rd period - Snap shot by Mathew Barzal.
3:36 of 3rd period - Stopped by Igor Shesterkin with a rebound.
3:49 of 3rd period - Slapshot by Shea Theodore.
3:49 of 3rd period - Stopped by Igor Shesterkin without a rebound.
3:50 of 3rd period - Nathan MacKinnon wins face-off versus Sean Monahan in New York Rangers zone.
4:24 of 3rd period - Wrist shot by Evgeni Malkin.
4:24 of 3rd period - Stopped by Mackenzie Blackwood with a rebound.
4:26 of 3rd period - Wrist shot by Kyle Palmieri.
4:26 of 3rd period - Stopped by Mackenzie Blackwood without a rebound.
4:27 of 3rd period - Nathan MacKinnon wins face-off versus Sean Monahan in Vegas Golden Knights zone.
4:54 of 3rd period - Victor Hedman is hit by Mika Zibanejad and loses puck.
5:07 of 3rd period - Slapshot by Auston Matthews.
5:07 of 3rd period - Stopped by Igor Shesterkin without a rebound.
5:08 of 3rd period - Jordan Staal wins face-off versus Nathan MacKinnon in New York Rangers zone.
5:35 of 3rd period - Jared McCann is hit by Teuvo Teravainen and loses puck.
5:40 of 3rd period - Wrist shot by Dylan Strome.
5:40 of 3rd period - Stopped by Mackenzie Blackwood with a rebound.
5:48 of 3rd period - Snap shot by Jared McCann.
5:48 of 3rd period - Stopped by Igor Shesterkin without a rebound.
5:49 of 3rd period - Mika Zibanejad wins face-off versus Nathan MacKinnon in New York Rangers zone.
6:12 of 3rd period - Minor Penalty to Auston Matthews for Holding.
6:13 of 3rd period - Andreas Athanasiou wins face-off versus Nathan MacKinnon in Vegas Golden Knights zone.
6:40 of 3rd period - Jordan Staal is hit by Kyle Palmieri and loses puck.
8:12 of 3rd period - Penalty to Auston Matthews is over, Auston Matthews is back on ice.
8:21 of 3rd period - Wrist shot by Auston Matthews.
8:21 of 3rd period - Shot Blocked by Jake Walman.
8:23 of 3rd period - Wrist shot by Bryan Rust.
8:23 of 3rd period - Shot Misses the Net.
8:25 of 3rd period - Snap shot by Mika Zibanejad.
8:25 of 3rd period - Deflect By Bryan Rust.
8:25 of 3rd period - Stopped by Igor Shesterkin with a rebound.
8:53 of 3rd period - Luke Schenn is hit by Tyler Toffoli and loses puck.
9:16 of 3rd period - Artemi Panarin is hit by Mathew Barzal and loses puck.
10:23 of 3rd period - Marcus Foligno is hit by Reilly Smith and loses puck.
10:40 of 3rd period - Dmitry Kulikov is hit by Travis Hamonic and loses puck.
10:48 of 3rd period - Icing by Evgeni Malkin.
10:49 of 3rd period - Cole Caufield wins face-off versus Sean Monahan in New York Rangers zone.
10:49 of 3rd period - Cole Caufield is hit by Zach Bogosian.
11:22 of 3rd period - Snap shot by Reilly Smith.
11:22 of 3rd period - Deflect By Mathew Barzal.
11:22 of 3rd period - Stopped by Igor Shesterkin with a rebound.
11:24 of 3rd period - Slapshot by Roman Josi.
11:24 of 3rd period - Stopped by Igor Shesterkin with a rebound.
11:34 of 3rd period - Mikael Granlund is hit by Mathieu Olivier and loses puck.
12:17 of 3rd period - Nathan MacKinnon is hit by Jared McCann and loses puck.
13:09 of 3rd period - Snap shot by Tyler Toffoli.
13:09 of 3rd period - Shot Blocked by Cole Caufield.
13:13 of 3rd period - Wrist shot by Sean Monahan.
13:13 of 3rd period - Stopped by Igor Shesterkin with a rebound.
13:15 of 3rd period - Snap shot by Jared McCann.
13:15 of 3rd period - Stopped by Igor Shesterkin with a rebound.
13:17 of 3rd period - Snap shot by Tyler Toffoli.
13:17 of 3rd period - Deflect By Sean Monahan.
13:17 of 3rd period - Shot Misses the Net.
13:17 of 3rd period - Puck is out of play.
13:18 of 3rd period - Mika Zibanejad wins face-off versus Evgeni Malkin in New York Rangers zone.
13:29 of 3rd period - Snap shot by Mika Zibanejad.
13:29 of 3rd period - Deflect By Auston Matthews.
13:29 of 3rd period - Shot Misses the Net.
13:29 of 3rd period - Puck is out of play.
13:30 of 3rd period - Jordan Staal wins face-off versus Evgeni Malkin in New York Rangers zone.
13:42 of 3rd period - Slapshot by Zach Bogosian.
13:42 of 3rd period - Shot Blocked by Evgeni Malkin.
15:45 of 3rd period - Wrist shot by Artemi Panarin.
15:45 of 3rd period - Stopped by Mackenzie Blackwood with a rebound.
17:47 of 3rd period - Roman Josi is hit by Dmitry Kulikov and loses puck.
18:00 of 3rd period - Noel Acciari is hit by Jordan Staal.
18:24 of 3rd period - Timo Meier is hit by Mika Zibanejad.
18:28 of 3rd period - Jake Walman is hit by Mika Zibanejad and loses puck.
19:09 of 3rd period - Snap shot by Evgeni Malkin.
19:09 of 3rd period - Shot Misses the Net.
19:44 of 3rd period - Snap shot by Timo Meier.
19:44 of 3rd period - Stopped by Mackenzie Blackwood with a rebound.
19:46 of 3rd period - Snap shot by Kyle Palmieri.
19:46 of 3rd period - Stopped by Mackenzie Blackwood without a rebound.
19:47 of 3rd period - Bryan Rust wins face-off versus Dylan Strome in Vegas Golden Knights zone.
Goals for this period are 0 for Vegas Golden Knights vs 2 for New York Rangers.
Shots for this period are 10 for Vegas Golden Knights vs 9 for New York Rangers.

Overtime #1


0:01 of 1st overtime period - Mika Zibanejad wins face-off versus Nathan MacKinnon in neutral zone.
0:04 of 1st overtime period - Wrist shot by Mika Zibanejad.
0:04 of 1st overtime period - Stopped by Igor Shesterkin with a rebound.
0:10 of 1st overtime period - Zach Bogosian is hit by Artemi Panarin.
0:55 of 1st overtime period - Thomas Chabot is hit by Evgeni Malkin.
0:59 of 1st overtime period - Travis Hamonic is hit by Victor Hedman.
2:18 of 1st overtime period - Auston Matthews is hit by Cole Caufield and loses puck.
Goals for this period are 0 for Vegas Golden Knights vs 0 for New York Rangers.
Shots for this period are 1 for Vegas Golden Knights vs 0 for New York Rangers.

ShootOut


5:00 of 1st overtime period - Round #1.
5:00 of 1st overtime period - Vegas Golden Knights, Auston Matthews.
5:00 of 1st overtime period - Backhand shot by Auston Matthews.
5:00 of 1st overtime period - Stopped by Igor Shesterkin.
5:00 of 1st overtime period - New York Rangers, Nathan MacKinnon.
5:00 of 1st overtime period - Deke by Nathan MacKinnon.
5:00 of 1st overtime period - Shot Misses the Net.
5:00 of 1st overtime period - Round #2.
5:00 of 1st overtime period - Vegas Golden Knights, Mika Zibanejad.
5:00 of 1st overtime period - Wrist shot by Mika Zibanejad.
5:00 of 1st overtime period - Stopped by Igor Shesterkin.
5:00 of 1st overtime period - New York Rangers, Evgeni Malkin.
5:00 of 1st overtime period - Snap shot by Evgeni Malkin.
5:00 of 1st overtime period - Stopped by Mackenzie Blackwood.
5:00 of 1st overtime period - Round #3.
5:00 of 1st overtime period - Vegas Golden Knights, Bryan Rust.
5:00 of 1st overtime period - Snap shot by Bryan Rust.
5:00 of 1st overtime period - Goal by Bryan Rust.
5:00 of 1st overtime period - New York Rangers, Mikael Granlund.
5:00 of 1st overtime period - Snap shot by Mikael Granlund.
5:00 of 1st overtime period - Goal by Mikael Granlund.
5:00 of 1st overtime period - Round #4.
5:00 of 1st overtime period - Vegas Golden Knights, Jordan Staal.
5:00 of 1st overtime period - Wrist shot by Jordan Staal.
5:00 of 1st overtime period - Stopped by Igor Shesterkin.
5:00 of 1st overtime period - New York Rangers, Artemi Panarin.
5:00 of 1st overtime period - Snap shot by Artemi Panarin.
5:00 of 1st overtime period - Goal by Artemi Panarin.